PAAA
NAPERVILLE BATTLEKINGS @ BANGOR TRIDENT BASE OGRES
07/12/2020
 
TOP OF THE 1ST
Naperville Battlekings batting - Pitching for Bangor Trident Base Ogres : RHP Jim Unknown
Pitching: RHP Jim Unknown
Batting: RHB Carlos Gómez 0-0: Ball
1-0: Called Strike
1-1: Foul Ball, location: 2F
1-2: Ball
2-2: Foul Ball, location: 2F
2-2: Fly out, F3 (Popup, 3SF)
Batting: RHB Sal Haynes 0-0: TRIPLE (Line Drive, 8LM)
Batting: LHB Vicente Martínez 0-0: Fly out, F5 (Popup, 5L)
Batting: RHB Joe Ferneyhough 0-0: Ball
1-0: Swinging Strike
1-1: Swinging Strike
1-2: SINGLE (Flyball, 78S)
Sal Haynes scores
Batting: RHB Tony Sánchez 0-0: Fly out, F9 (Flyball, 89S)
Top of the 1st over - 1 run(s), 2 hit(s), 0 error(s), 1 left on base; Naperville 1 - Bangor Trident Base 0
BOTTOM OF THE 1ST
Bangor Trident Base Ogres batting - Pitching for Naperville Battlekings : RHP David Auchinleck
Pitching: RHP David Auchinleck
Batting: SHB Jim Unknown 0-0: Called Strike
0-1: Swinging Strike
0-2: Ball
1-2: Ball
2-2: Foul Ball, location: 2F
2-2: Foul Ball, location: 2F
2-2: Ball
3-2: Fly out, F8 (Flyball, 8LS)
Batting: SHB Jim Unknown 0-0: Foul Ball, location: 2F
0-1: Ground out 4-3 (Groundball, 4)
Batting: RHB Jim Unknown 0-0: Ball
1-0: Called Strike
1-1: Foul Ball, location: 2F
1-2: Fly out, F8 (Flyball, 8RD)
Bottom of the 1st over - 0 run(s), 0 hit(s), 0 error(s), 0 left on base; Naperville 1 - Bangor Trident Base 0
TOP OF THE 2ND
Naperville Battlekings batting - Pitching for Bangor Trident Base Ogres : RHP Jim Unknown
Batting: SHB Avery Little 0-0: Fly out, F8 (Flyball, 78S)
Batting: LHB Jack Mason 0-0: Called Strike
0-1: Ball
1-1: Foul Ball, location: 2F
1-2: Ground out 4-3 (Groundball, 34)
Batting: LHB Mal Cobb 0-0: Ball
1-0: Fly out, F4 (Popup, 4MD)
Top of the 2nd over - 0 run(s), 0 hit(s), 0 error(s), 0 left on base; Naperville 1 - Bangor Trident Base 0
BOTTOM OF THE 2ND
Bangor Trident Base Ogres batting - Pitching for Naperville Battlekings : RHP David Auchinleck
Batting: RHB Jim Unknown 0-0: Ball
1-0: Foul Ball, location: 2F
1-1: Foul Ball, location: 2F
1-2: Strikes out looking
Batting: RHB Jim Unknown 0-0: Ball
1-0: Called Strike
1-1: Ball
2-1: Ball
3-1: Ground out 6-3 (Groundball, 6)
Batting: RHB Jim Unknown 0-0: Ball
1-0: Swinging Strike
1-1: SOLO HOME RUN (Flyball, 7D), Distance : 407 ft
Batting: RHB Jim Unknown 0-0: Ball
1-0: Called Strike
1-1: Ball
2-1: Fly out, F4 (Popup, 3)
Bottom of the 2nd over - 1 run(s), 1 hit(s), 0 error(s), 0 left on base; Naperville 1 - Bangor Trident Base 1
TOP OF THE 3RD
Naperville Battlekings batting - Pitching for Bangor Trident Base Ogres : RHP Jim Unknown
Batting: RHB Otso Tuulari 0-0: DOUBLE (Line Drive, 7LD)
Batting: RHB Carlos Gómez 0-0: SINGLE (Groundball, 5D)
Otso Tuulari to third
Batting: RHB Sal Haynes 0-0: Ball
1-0: Ball
2-0: Foul Ball, location: 2F
2-1: SINGLE (Flyball, 56D)
Otso Tuulari scores
Carlos Gómez to second
Batting: LHB Vicente Martínez 0-0: Called Strike
0-1: Swinging Strike
0-2: Grounds into double play, 6-4-3 (Groundball, 6)
Carlos Gómez to third
Batting: RHB Joe Ferneyhough 0-0: Ball
1-0: Foul Ball, location: 2F
1-1: DOUBLE (Flyball, 89M)
Carlos Gómez scores
Batting: RHB Tony Sánchez 0-0: Reached on error, E6 (Groundball, 56)
Joe Ferneyhough to third
Batting: SHB Avery Little 0-0: Called Strike
0-1: Fly out, F8 (Flyball, 8RXD)
Top of the 3rd over - 2 run(s), 4 hit(s), 1 error(s), 2 left on base; Naperville 3 - Bangor Trident Base 1
BOTTOM OF THE 3RD
Bangor Trident Base Ogres batting - Pitching for Naperville Battlekings : RHP David Auchinleck
Batting: SHB Jim Unknown 0-0: Fly out, F9 (Flyball, 89M)
Batting: RHB Jim Unknown 0-0: Called Strike
0-1: Called Strike
0-2: Ball
1-2: Ball
2-2: SINGLE (Groundball, 6MD)
Batting: SHB Jim Unknown 0-0: Called Strike
0-1: Ball
1-1: Fielders Choice at 2nd, 4-6 (Groundball, 34)
Batting: SHB Jim Unknown 0-0: Called Strike
0-1: Fielders Choice at 2nd, 5-4 (Groundball, 5)
Bottom of the 3rd over - 0 run(s), 1 hit(s), 0 error(s), 0 left on base; Naperville 3 - Bangor Trident Base 1
TOP OF THE 4TH
Naperville Battlekings batting - Pitching for Bangor Trident Base Ogres : RHP Jim Unknown
Batting: LHB Jack Mason 0-0: Fly out, F3 (Popup, 4S)
Batting: LHB Mal Cobb 0-0: Called Strike
0-1: Ball
1-1: Swinging Strike
1-2: Fly out, F7 (Flyball, 7M)
Batting: RHB Otso Tuulari 0-0: Ball
1-0: SINGLE (Groundball, 6M)
Batting: RHB Carlos Gómez 0-0: Ground out 1-3 (Groundball, 13S)
Top of the 4th over - 0 run(s), 1 hit(s), 0 error(s), 1 left on base; Naperville 3 - Bangor Trident Base 1
BOTTOM OF THE 4TH
Bangor Trident Base Ogres batting - Pitching for Naperville Battlekings : RHP David Auchinleck
Batting: RHB Jim Unknown 0-0: Ball
1-0: Ball
2-0: Ball
3-0: Base on Balls
Batting: RHB Jim Unknown 0-0: Ball
1-0: Ball
2-0: Foul Ball, location: 2F
2-1: Called Strike
2-2: Grounds into double play, 6-4-3 (Groundball, 56)
Batting: RHB Jim Unknown 0-0: Ball
1-0: Called Strike
1-1: Ground out 5-3 (Groundball, 56S)
Bottom of the 4th over - 0 run(s), 0 hit(s), 0 error(s), 0 left on base; Naperville 3 - Bangor Trident Base 1
TOP OF THE 5TH
Naperville Battlekings batting - Pitching for Bangor Trident Base Ogres : RHP Jim Unknown
Batting: RHB Sal Haynes 0-0: Swinging Strike
0-1: Fly out, F7 (Flyball, 78M)
Batting: LHB Vicente Martínez 0-0: Ball
1-0: Swinging Strike
1-1: Called Strike
1-2: Strikes out swinging
Batting: RHB Joe Ferneyhough 0-0: Ball
1-0: Ball
2-0: Foul Ball, location: 2F
2-1: Foul Ball, location: 2F
2-2: SINGLE (Flyball, 3D)
Batting: RHB Tony Sánchez 0-0: Ball
1-0: Ball
2-0: Foul Ball, location: 2F
2-1: DOUBLE (Groundball, 3L)
Joe Ferneyhough to third
Runner from 3rd tries for Home, SAFE, no throw or cutoff
Batting: SHB Avery Little 0-0: Ball
1-0: Called Strike
1-1: Ground out 4-3 (Groundball, 13)
Top of the 5th over - 1 run(s), 2 hit(s), 0 error(s), 1 left on base; Naperville 4 - Bangor Trident Base 1
BOTTOM OF THE 5TH
Bangor Trident Base Ogres batting - Pitching for Naperville Battlekings : RHP David Auchinleck
Batting: RHB Jim Unknown 0-0: Ball
1-0: Ground out 1-3 (Groundball, 15)
Batting: RHB Jim Unknown 0-0: Ball
1-0: Foul Ball, location: 2F
1-1: Called Strike
1-2: Strikes out swinging
Batting: SHB Jim Unknown 0-0: Ball
1-0: Ball
2-0: Called Strike
2-1: Swinging Strike
2-2: Ball
3-2: Ground out 3-1 (Groundball, 34)
Bottom of the 5th over - 0 run(s), 0 hit(s), 0 error(s), 0 left on base; Naperville 4 - Bangor Trident Base 1
TOP OF THE 6TH
Naperville Battlekings batting - Pitching for Bangor Trident Base Ogres : RHP Jim Unknown
Batting: LHB Jack Mason 0-0: Called Strike
0-1: Ball
1-1: Fly out, F9 (Flyball, 89M)
Batting: LHB Mal Cobb 0-0: Ball
1-0: Called Strike
1-1: Fly out, F6 (Popup, 6D)
Batting: RHB Otso Tuulari 0-0: Called Strike
0-1: Swinging Strike
0-2: Foul Ball, location: 2F
0-2: Strikes out swinging
Top of the 6th over - 0 run(s), 0 hit(s), 0 error(s), 0 left on base; Naperville 4 - Bangor Trident Base 1
BOTTOM OF THE 6TH
Bangor Trident Base Ogres batting - Pitching for Naperville Battlekings : RHP David Auchinleck
Batting: RHB Jim Unknown 0-0: Foul Ball, location: 2F
0-1: Foul Ball, location: 2F
0-2: Ball
1-2: Strikes out looking
Batting: SHB Jim Unknown 0-0: Called Strike
0-1: Ball
1-1: SINGLE (Groundball, 56D)
Batting: SHB Jim Unknown 0-0: Ball
1-0: Called Strike
1-1: Ball
2-1: SINGLE (Line Drive, 56D)
Jim Unknown to second
Batting: RHB Jim Unknown 0-0: Ball
Throwing error on steal attempt, E2
Jim Unknown scores
Jim Unknown to third
1-0: Foul Ball, location: 2F
1-1: Called Strike
1-2: DOUBLE (Flyball, 89M)
Jim Unknown scores
Batting: RHB Jim Unknown 0-0: Swinging Strike
0-1: Foul Ball, location: 2F
0-2: Ball
1-2: Ball
2-2: Ground out 1-3 (Groundball, 13)
Jim Unknown to third
Batting: RHB Jim Unknown 0-0: Foul Ball, location: 2F
0-1: Fly out, F2 (Popup, 25F)
Bottom of the 6th over - 2 run(s), 3 hit(s), 1 error(s), 1 left on base; Naperville 4 - Bangor Trident Base 3
TOP OF THE 7TH
Naperville Battlekings batting - Pitching for Bangor Trident Base Ogres : RHP Jim Unknown
Batting: RHB Carlos Gómez 0-0: Fly out, F8 (Flyball, 89D)
Batting: RHB Sal Haynes 0-0: Ground out 4-3 (Groundball, 4)
Batting: LHB Vicente Martínez 0-0: Ball
1-0: Called Strike
1-1: Fly out, F8 (Flyball, 8LS)
Top of the 7th over - 0 run(s), 0 hit(s), 0 error(s), 0 left on base; Naperville 4 - Bangor Trident Base 3
BOTTOM OF THE 7TH
Bangor Trident Base Ogres batting - Pitching for Naperville Battlekings : RHP David Auchinleck
Batting: RHB Jim Unknown 0-0: Ball
1-0: Called Strike
1-1: Foul Ball, location: 2F
1-2: Ball
2-2: Ground out 6-3 (Groundball, 6M)
Batting: RHB Jim Unknown 0-0: Ball
1-0: Ball
2-0: SINGLE (Line Drive, 89S)
Pitching: RHP William Taylor
Batting: SHB Jim Unknown 0-0: Called Strike
0-1: SINGLE (Groundball, 56D)
Jim Unknown to second
Batting: RHB Jim Unknown 0-0: Foul Ball, location: 2F
0-1: SINGLE (Line Drive, 34D)
Jim Unknown to third
Jim Unknown to second
Runner from 3rd tries for Home, SAFE, throw made at trailing runner, OUT at third!
Batting: SHB Jim Unknown 0-0: Ball
1-0: Foul Ball, location: 2F
1-1: Ball
2-1: Ground out 1-3 (Groundball, 23)
Bottom of the 7th over - 1 run(s), 3 hit(s), 0 error(s), 1 left on base; Naperville 4 - Bangor Trident Base 4
TOP OF THE 8TH
Naperville Battlekings batting - Pitching for Bangor Trident Base Ogres : RHP Jim Unknown
Batting: RHB Joe Ferneyhough 0-0: Called Strike
0-1: Called Strike
0-2: Strikes out swinging
Batting: RHB Tony Sánchez 0-0: Ball
1-0: Swinging Strike
1-1: Called Strike
1-2: Foul Ball, location: 2F
1-2: Strikes out swinging, 2-3 out at first.
Pinch Hitting: LHB Jim Unknown 0-0: Ball
1-0: Ground out 5-3 (Groundball, 5S)
Top of the 8th over - 0 run(s), 0 hit(s), 0 error(s), 0 left on base; Naperville 4 - Bangor Trident Base 4
BOTTOM OF THE 8TH
Bangor Trident Base Ogres batting - Pitching for Naperville Battlekings : RHP William Taylor
Now in CF: Jim Unknown
Batting: SHB Jim Unknown 0-0: Fly out, F4 (Popup, 4MD)
Batting: RHB Jim Unknown 0-0: DOUBLE (Line Drive, 9LS)
Batting: RHB Jim Unknown 0-0: Intentional Walk
Batting: RHB Jim Unknown 0-0: Called Strike
0-1: Ball
Jim Unknown is caught stealing 3rd base
Jim Unknown to second
1-1: Called Strike
1-2: Ball
2-2: Foul Ball, location: 2F
2-2: SINGLE (Popup, 6MD)
Jim Unknown to third
Runner from 3rd tries for Home, SAFE, no throw or cutoff
Batting: RHB Jim Unknown 0-0: Fly out, F4 (Line Drive, 4)
Bottom of the 8th over - 1 run(s), 2 hit(s), 0 error(s), 1 left on base; Naperville 4 - Bangor Trident Base 5
TOP OF THE 9TH
Naperville Battlekings batting - Pitching for Bangor Trident Base Ogres : RHP Jim Unknown
Pitching: RHP Jim Unknown
Pinch Hitting: LHB Jim Unknown 0-0: Ball
1-0: Fly out, F8 (Flyball, 89XD)
Batting: LHB Mal Cobb 0-0: Foul Ball, location: 2F
0-1: Ball
1-1: Called Strike
1-2: Strikes out swinging
Batting: RHB Otso Tuulari 0-0: Ball
1-0: Foul Ball, location: 2F
1-1: Ball
2-1: Called Strike
2-2: Foul Ball, location: 2F
2-2: Strikes out swinging
Top of the 9th over - 0 run(s), 0 hit(s), 0 error(s), 0 left on base; Naperville 4 - Bangor Trident Base 5
This league is powered by Out of the Park Baseball, the baseball management simulation game for PC, Mac and Linux
Friday, October 23rd, 2015 - OOTP Baseball 16.9 Build 39